 Dungeon Crawl Stone Soup version 0.17.1-3-g152610e (webtiles) character file.

74 kaze the Ducker (level 4, -11/34 HPs)
             Began as a Demonspawn Gladiator on Mar 31, 2016.
             Killed by divine providence
             ... invoked by an orc priest
              (14 damage)
             ... on level 3 of the Dungeon.
             The game lasted 00:03:08 (1699 turns).

kaze the Ducker (Demonspawn Gladiator)              Turns: 1699, Time: 00:03:08

Health: -11/34     AC:  7    Str: 17    XL:     4   Next: 10%
Magic:  4/4        EV: 10    Int:  9    God:
Gold:   49         SH:  5    Dex: 13    Spells: 0 memorised, 3 levels left

rFire  . . .     SeeInvis .     a - +0 war axe
rCold  + . .     Clarity  .     g - +0 scale mail
rNeg   . . .     SustAt   .     r - +2 buckler
rPois  +         Gourm    .     q - +0 helmet
rElec  .         Spirit   .     (no cloak)
rCorr  .         Warding  .     (no gloves)
rMut   .         Stasis   .     (no boots)
MR     .....                    (no amulet)
Stlth  ..........               u - +2 ring of slaying
                                v - ring of poison resistance

@: not resistant to hostile enchantments, extremely unstealthy
A: talons 1, cold resistance 1
a: no special abilities


You were on level 3 of the Dungeon.
You were not hungry.

You visited 1 branch of the dungeon, and saw 3 of its levels.

You collected 49 gold pieces.

Inventory:

Hand Weapons
 a - a +0 war axe (weapon)
Missiles
 d - 3 throwing nets (quivered)
Armour
 b - a +0 leather armour
 c - a +0 helmet
 g - a +0 scale mail (worn)
 q - a +0 helmet (worn)
 r - a +2 buckler (worn)
Jewellery
 u - a +2 ring of slaying (right hand)
 v - a ring of poison resistance (left hand)
Scrolls
 k - 3 scrolls of identify {unknown}
 w - a scroll of enchant weapon {unknown}
Potions
 l - a potion of might {unknown}
 m - a potion of heal wounds {unknown}
 n - 2 potions of magic {unknown}
 o - 2 potions of curing {unknown}
Comestibles
 e - 2 bread rations
 j - 2 beef jerkies
 s - 2 meat rations
 t - 6 chunks of flesh


   Skills:
 + Level 2.6 Fighting
 + Level 3.2 Axes
 + Level 1.8 Throwing
 + Level 1.0 Armour
 + Level 3.3 Dodging
 + Level 0.6 Shields


You had 3 spell levels left.
You didn't know any spells.

Dungeon Overview and Level Annotations

Branches:
Dungeon (3/15)

Altars:
Sif Muna


Innate Abilities, Weirdness & Mutations

You have sharp toenails.
Your flesh is cold resistant.


Message History

Unknown command.
You hit the orc priest. Your kick misses the orc priest.
The orc priest is heavily wounded.
You slash the giant cockroach!
You kill the giant cockroach!
The orc priest misses you.
You slash the orc priest!
You claw the orc priest, but do no damage.
The orc priest is almost dead.
The orc priest looks braver for a moment.
You closely miss the orc priest. Your kick misses the orc priest.
The orc priest is almost dead.
The orc priest invokes the aid of Beogh against you.
You barely resist. The orc priest barely misses you.
Your magical contamination has completely faded away.
You closely miss the orc priest.
The orc priest is almost dead.
The orc priest mumbles some strange prayers to Beogh against you.
Something smites you!
You die...

#.#...#.#
#.#...#.#
####.......#
#..=.....##.
#.#####.##
#.#.#####.#####..
#.....##........
#..)##.†).....#
#...##.##@#..##
.....<....†o..#
#.##.###.##.##.#
.?( .. #.##.# #
## ### #.....
####.# ... ...


You could see an orc priest.

Vanquished Creatures
  Robin (D:3)
  An adder (D:2)
  An ooze (D:1)
  A worm (D:2)
  2 orcs (D:3)
  A giant cockroach (D:3)
  12 goblins
  4 hobgoblins
  6 bats
  A giant gecko (D:1)
  3 giant newts
  4 jackals (D:1)
  5 kobolds
  3 rats
45 creatures vanquished.

Notes
Turn   | Place    | Note
--------------------------------------------------------------
     0 | D:1      | kaze the Demonspawn Gladiator began the quest for the Orb.
     0 | D:1      | Reached XP level 1. HP: 16/16 MP: 1/1
   248 | D:1      | Gained mutation: You have sharp toenails. [demonic ancestry]
   248 | D:1      | Reached XP level 2. HP: 17/22 MP: 2/2
   281 | D:1      | Reached skill level 3 in Dodging
   684 | D:2      | Reached XP level 3. HP: 10/28 MP: 3/3
  1370 | D:2      | Found a deep blue altar of Sif Muna.
  1603 | D:3      | Noticed Robin
  1615 | D:3      | Killed Robin
  1615 | D:3      | Reached skill level 1 in Armour
  1678 | D:3      | Gained mutation: Your flesh is cold resistant. [demonic ancestry]
  1678 | D:3      | Reached XP level 4. HP: 19/34 MP: 4/4
  1699 | D:3      | Killed from afar by an orc priest

Action                   |  1- 3 |  4- 6 || total
-------------------------+-------+-------++-------
Melee: War axe           |   132 |    10 ||   142
  Use: Scroll            |     3 |       ||     3
  Eat: Chunk             |     3 |       ||     3
